 Dungeon Crawl Stone Soup version 0.29.0-13-gc9e81de378 (webtiles) character file.

Game seed: 1043383022827165785

58 vvl the Trooper (level 4, -3/40 HPs)
             Began as a Ghoul Fighter on Sept 9, 2022.
             Slain by Robin
             ... wielding a +0 spear
              (4 damage)
             ... on level 2 of the Dungeon.
             The game lasted 00:02:30 (1778 turns).

vvl the Trooper (Ghoul Fighter)                     Turns: 1778, Time: 00:02:30

Health: -3/40      AC:  5    Str: 19    XL:     4   Next: 2%
Magic:  4/4        EV: 10    Int:  5    God:
Gold:   151        SH:  4    Dex:  8    Spells: 4/4 levels left

rFire   . . .      SeeInvis +   a - +0 war axe
rCold   + . .      Faith    .   c - +0 buckler
rNeg    + + +      Spirit   .   l - +0 ring mail
rPois   ∞          Reflect  .   (no helmet)
rElec   .          Harm     .   (no cloak)
rCorr   .          Rampage  .   (no gloves)
Will    .....                   (no boots)
Stlth   ..........              (no amulet)
HPRegen 0.00/turn               f - ring of see invisible
MPRegen 0.09/turn               (no ring)

@: inhibited regen
A: claws 1, cold resistance 1, negative energy resistance 3, inhibited
regeneration, torment resistance 2, devour on kill
a: no special abilities


You were on level 2 of the Dungeon.
You visited 1 branch of the dungeon, and saw 2 of its levels.

You collected 151 gold pieces.

Inventory:

Hand Weapons
 a - a +0 war axe (weapon)
Armour
 c - a +0 buckler (worn)
 l - a +0 ring mail (worn)
Jewellery
 f - a ring of see invisible (left claw)
Scrolls
 b - a scroll of enchant armour {unknown}
 e - 2 scrolls of blinking {unknown}
 g - 2 scrolls of enchant weapon {unknown}
 i - a scroll of noise {unknown}
 j - a scroll of immolation {unknown}
 k - 4 scrolls of identify {unknown}
Potions
 d - a potion of might
 h - a potion of invisibility {unknown}
 m - a potion of berserk rage {unknown}
 n - a potion of attraction {unknown}


   Skills:
 + Level 3.7 Fighting
 + Level 2.1 Axes
 + Level 3.0 Armour
 + Level 2.9 Shields
 + Level 0.7 Spellcasting
 + Level 1.0 Ice Magic
 + Level 1.3 Earth Magic


You had 4 spell levels left.
You didn't know any spells.
Your spell library was empty.

Dungeon Overview and Level Annotations

Branches:
Dungeon (2/15)

Altars:

Annotations:
D:2 Robin


Innate Abilities, Weirdness & Mutations

You are immune to poison.
You have sharp fingernails.
Your flesh is cold resistant. (rC+)
You are immune to negative energy. (rN+++)
You do not regenerate when monsters are visible.
You are immune to unholy pain and torment.
You thrive by killing the living.


Message History

a +0 dagger; a +0 club; a goblin corpse You hit Robin.
Robin is lightly wounded.
You slash the goblin!
You kill the goblin!
You closely miss the hobgoblin.
Robin's bangles clink loudly.
You block Robin's attack. The hobgoblin barely misses you.
You have reached level 4!
You hit Robin but do no damage.
Robin is lightly wounded.
You hit the hobgoblin. Robin hits you with a +0 spear.
The hobgoblin misses you. Robin hits you but does no damage.
The hobgoblin hits you.
You hit Robin.
Robin is heavily wounded.
You barely miss the hobgoblin. Robin completely misses you.
The hobgoblin hits you but does no damage.
You barely miss Robin.
Robin is moderately wounded.
You hit the hobgoblin but do no damage. Robin hits you with a +0 spear.
You block the hobgoblin's attack.
You closely miss Robin.
Robin is moderately wounded.
You closely miss the hobgoblin. Robin hits you with a +0 spear.
The hobgoblin hits you. Robin hits you with a +0 spear.
* * * LOW HITPOINT WARNING * * *
The hobgoblin hits you but does no damage.
You closely miss Robin.
Robin is moderately wounded.
You hit the hobgoblin.
You kill the hobgoblin!
Robin hits you with a +0 spear.
* * * LOW HITPOINT WARNING * * *
You slash Robin!
Robin is almost dead.
Robin hits you with a +0 spear.
* * * LOW HITPOINT WARNING * * *
Robin hits you with a +0 spear.
You die...

### #.# #. #.# #.# #.#
#.. #.#####.# .
#.....#.######..
####'###.#.#.......
#...............#..
#........#)@g......
##.........)).#.....
#.........#)#!......
#.....###.#.........
#+###.....#
#.#.#.#.#...
....#.###...........#
.. ....#.#
#..##...#.#.. .
....#.###..##.#....<..
................. ..


You could see Robin.

Vanquished Creatures
  An adder (D:2)
  A worm (D:2)
  2 ball pythons (D:1)
  3 endoplasms
  2 giant cockroaches
  12 goblins (D:2)
  5 hobgoblins
  3 kobolds (D:1)
  3 quokkas (D:2)
  2 bats
  2 frilled lizards
  4 rats
40 creatures vanquished.

Notes
Turn   | Place    | Note
-------+----------+-------------------------------------------
     0 | D:1      | vvl the Ghoul Fighter began the quest for the Orb.
     0 | D:1      | Reached XP level 1. HP: 19/19 MP: 0/0
   302 | D:1      | Reached XP level 2. HP: 17/26 MP: 1/1
   583 | D:1      | Found a faded altar of an unknown god.
  1094 | D:2      | Reached XP level 3. HP: 31/31 MP: 2/2
  1328 | D:2      | Reached skill level 1 in Earth Magic
  1764 | D:2      | Noticed Robin
  1767 | D:2      | Reached skill level 1 in Ice Magic
  1773 | D:2      | Reached XP level 4. HP: 29/40 MP: 4/4
  1778 | D:2      | HP: 1/40 [Robin/+0 spear (6)]
  1778 | D:2      | Slain by Robin

Illustrated notes

Levels and vault maps discovered:
D:1:      lightli_arrival_flooded_house, layout_basic, basic_ecumenical_altar
D:2:      layout_basic, hangedman_decor_diamond_cutter, uniq_robin, uniq_natasha

Skill      XL: |  1  2  3 |
---------------+----------+-----
Axes           | 2 |  2.1
Earth Magic    | 1 |  1.3
Ice Magic      | 1 |  1.0
Armour         | 3 |  3.0
Fighting       | |  3.7
Shields        | |  2.9
Spellcasting   | |  0.7

Action                   |  1- 3 |  4- 6 || total
-------------------------+-------+-------++-------
Melee: War axe           |   120 |     6 ||   126
Armor: Scale mail        |    26 |       ||    26
       Ring mail         |    37 |     3 ||    40
Dodge: Dodged            |    63 |     2 ||    65
Block: Buckler           |    27 |     1 ||    28
